 Dungeon Crawl Stone Soup version 0.30-a0-166-g5d06c95188 (webtiles) character file.

Game seed: 6402003466981444339

8173 qw the Cleaver (level 11, -3/68 HPs)
             Began as a Gargoyle Fighter on Sept 28, 2022.
             Was an Elder of Okawaru.
             Shot with an arrow by a centaur warrior (9 damage)
             ... on level 13 of the Dungeon.
             The game lasted 00:04:03 (11492 turns).

qw the Cleaver (Gargoyle Fighter)                  Turns: 11492, Time: 00:04:04

Health: -3/68      AC: 31    Str: 25    XL:     11   Next: 26%
Magic:  16/16      EV: 13    Int:  8    God:    Okawaru [****..]
Gold:   425        SH:  6    Dex: 13    Spells: 10/10 levels left

rFire   + . .      SeeInvis +    Y - +0 war axe (venom)
rCold   . . .      Faith    .    c - +0 buckler
rNeg    + + .      Spirit   .    v - +3 scale mail "Licau" {rF+ rN+ Dex+6}
rPois   inf        Reflect  .    g - +1 helmet
rElec   +          Harm     .    (no cloak)
rCorr   .          Rampage  .    e - +1 pair of gloves
Will    .....                    f - +0 pair of boots
Stlth   +.........               (no amulet)
HPRegen 0.21/turn                h - +4 ring of protection
MPRegen 0.15/turn                q - ring of see invisible

@: about to teleport, heroic
A: sickness immunity, AC +8, negative energy resistance 1, electricity
resistance, torment resistance 1, petrification resistance, clumsy 1, noise
suppression
a: Renounce Religion, Heroism, Finesse


You were on level 13 of the Dungeon.
You worshipped Okawaru.
Okawaru was greatly pleased with you.
You visited 2 branches of the dungeon, and saw 12 of its levels.
You also visited: Sewer.

You collected 595 gold pieces.
You spent 170 gold pieces at shops.


Innate Abilities, Weirdness & Mutations

You are immune to sickness and miasma.
Your stone body is resilient. (AC +8)
You are immune to poison.
You resist negative energy. (rN+)
You are resistant to electric shocks. (rElec)
You are resistant to unholy torment.
You are immune to petrification.
You are clumsy. (Dex -2)
You passively dampen the noise of your surroundings.


   Skills:
 - Level 8.0(13.0) Fighting
 + Level 10.6(15.6) Axes
 - Level 3.1(8.1) Throwing
 - Level 7.3(12.3) Armour
 - Level 2.3(7.3) Dodging
 - Level 5.0(10.0) Shields
 + Level 7.8 Invocations


You had 10 spell levels left.
You didn't know any spells.
Your spell library was empty.

Inventory:

Hand Weapons
 l - a +0 morningstar
 Y - a +0 war axe of venom (weapon)
Missiles
 i - 2 silver javelins
 j - a javelin
 n - 5 boomerangs (quivered)
Armour
 c - a +0 buckler (worn)
 e - a +1 pair of gloves (worn)
 f - a +0 pair of boots (worn)
 g - a +1 helmet (worn)
 r - a +0 plate armour
 v - the +3 scale mail "Licau" (worn) {rF+ rN+ Dex+6}
   (You found it on level 9 of the Dungeon)

   Dex:       It affects your dexterity (+6).
   rF:        It protects you from fire.
   rN:        It protects you from negative energy.
Jewellery
 h - a +4 ring of protection (left hand)
 p - a ring of ice
 q - a ring of see invisible (right hand)
 t - a ring of resist corrosion
 u - a +4 ring of slaying {mikee}
Scrolls
 a - 2 scrolls of identify
 k - 3 scrolls of teleportation
Potions
 b - a potion of curing
 d - a potion of might
 m - a potion of mutation
 s - 2 potions of lignification
 x - a potion of attraction

Dungeon Overview and Level Annotations

Branches:
Dungeon (10/15)            Temple (1/1) D:4           Sewer (visited)
   Lair: D:8-11         Orc: D:9-12

Altars:
Ashenzari
Cheibriados
Dithmenos
Elyvilon
Fedhas
Gozag
Hepliaklqana
Kikubaaqudgha
Makhleb
Nemelex Xobeh
Okawaru
Qazlal
Ru
Sif Muna
Trog
Uskayaw
Vehumet
Wu Jian
Xom
Yredelemnul
Zin
The Shining One

Shops:
D:3 =?(


Message History

Found 6 stones.
The red ugly thing gurgles horribly!
The cyclops shouts!
Your base Dodging skill increases to level 2!
Enter note:
11486 ||| READING 5 scrolls of teleportation.
As you read the scroll of teleportation, it crumbles to dust.
You feel strangely unstable.
The centaur warrior shouts!
The cyclops throws a large rock.
The large rock hits you but does no damage.
The red ugly thing barely misses you.
You closely miss the red ugly thing.
A centaur warrior comes into view. It is wielding a +0 whip.
You block the red ugly thing's attack.
You closely miss the red ugly thing. You slash the red ugly thing!
The red ugly thing is poisoned.
The red ugly thing is lightly wounded.
Okawaru accepts your kill.
You feel a bit more experienced.
The red ugly thing completely misses you.
The cyclops throws a large rock.
The large rock hits you.
You slash the red ugly thing!
The red ugly thing looks as sick as possible!
The red ugly thing is moderately wounded.
The red ugly thing trunk-slaps you but does no damage.
A centaur comes into view.
You closely miss the red ugly thing.
The red ugly thing is moderately wounded.
The centaur shouts!
You slash the centaur warrior!
Your surroundings suddenly seem different.
The centaur shoots an arrow.
The arrow hits you!
The centaur warrior shoots an arrow.
The arrow hits you.
The centaur shoots an arrow.
The arrow completely misses you.
The centaur shoots an arrow.
The arrow hits you but does no damage.
11492 ||| READING 4 scrolls of teleportation.
As you read the scroll of teleportation, it crumbles to dust.
You feel strangely unstable.
The centaur warrior shoots an arrow.
The arrow hits you!
You die...

.# #. .# #. .# #. .# #.
.# #. .# #.#
########.##########.####
.......@................
........#####.......%###
........# #........#
........# #.......?#
........# #........#
......>.#####........###
.....c..................
......cc....#####.######
....c......# #.#


You could see a centaur warrior and 2 centaurs.

Vanquished Creatures
  A boulder beetle (D:9)
  A deep elf pyromancer (D:13)
  An ugly thing (D:13)
  An efreet (D:9)
  A troll (D:9)
  A meliai (shapeshifter) (D:13)
  A shadow (D:9)
  4 yaks (D:9)
  A steam dragon (D:8)
  2 acid dragons
  3 water moccasins
  Duvessa (D:4)
  An ice beast (D:6)
  4 orc warriors
  2 black bears
  2 sky beasts (D:8)
  2 ogres
  6 centaurs
  2 phantoms
  3 kobold brigands
  3 bullfrogs
  2 necrophages
  A scorpion (D:5)
  Dowan (D:4)
  13 wights
  14 killer bees
  4 howler monkeys
  A hound (D:6)
  3 jellies (D:6)
  A gnoll bouda (D:6)
  2 orc priests (D:9)
  3 iguanas
  7 orc wizards
  A merfolk siren (Sewer)
  A merfolk avatar (Sewer)
  10 gnolls
  14 adders
  A river rat (Sewer)
  A shadow imp (D:6)
  3 white imps
  3 worms (D:2)
  A dart slug (D:1)
  21 orcs
  8 endoplasms
  10 giant cockroaches
  9 goblins
  12 hobgoblins
  23 kobolds
  7 quokkas
  11 ball pythons
  7 bats
  6 frilled lizards (Sewer)
  24 rats
268 creatures vanquished.

Vanquished Creatures (others)
  6 withered plants (D:4)
6 creatures vanquished.

Grand Total: 274 creatures vanquished

Notes
Turn   | Place    | Note
-------+----------+-------------------------------------------
     0 | D:1      | qw the Gargoyle Fighter began the quest for the Orb.
     0 | D:1      | Reached XP level 1. HP: 14/14 MP: 1/1
     0 | D:1      | 0 ||| qw: Version: 0.2-a-12-gaebbb33
     0 | D:1      | 0 ||| qw: Game counter: 972
     0 | D:1      | 0 ||| qw: Always use a shield: true
     0 | D:1      | 0 ||| qw: God list: Okawaru
     0 | D:1      | 0 ||| qw: Allow faded altars: false
     0 | D:1      | 0 ||| qw: Do Orc after D:15 true
     0 | D:1      | 0 ||| qw: Do second Lair branch before Depths: true
     0 | D:1      | 0 ||| qw: Lair rune preference: random
     0 | D:1      | 0 ||| qw: Plans: Normal, Zot:1-4, God:TSO, Crypt, Tomb,
                  | Pan, Slime:5, Hells, Abyss, Orb
     0 | D:1      | 0 ||| PLANNING D:1-11
    37 | D:1      | Reached skill level 2 in Axes
   110 | D:1      | 110 ||| Stepping ~*~*~tactically~*~*~ (stealth).
   115 | D:1      | 115 ||| Stepping ~*~*~tactically~*~*~ (hiding).
   229 | D:1      | Reached XP level 2. HP: 19/19 MP: 2/2
   680 | D:1      | 680 ||| Stepping ~*~*~tactically~*~*~ (stealth).
   704 | D:1      | 704 ||| Stepping ~*~*~tactically~*~*~ (stealth).
   706 | D:1      | 706 ||| Stepping ~*~*~tactically~*~*~ (stealth).
   730 | D:1      | HP: 3/19 [frozen (4)]
  1137 | D:1      | Reached skill level 3 in Axes
  1327 | D:1      | Reached XP level 3. HP: 13/23 MP: 3/3
  1980 | D:1      | 1980 ||| UPGRADING to +0 pair of gloves.
  1985 | D:1      | 1985 ||| UPGRADING to +1 helmet.
  1990 | D:1      | 1990 ||| UPGRADING to +4 ring of protection.
  1991 | D:1      | 1991 ||| READING scroll labelled SACUMO INADITT.
  1992 | D:1      | 1992 ||| READING 3 scrolls labelled QEFEMOV NUSUO.
  1996 | D:1      | 1996 ||| READING scroll labelled BACAOS DIUT.
  1997 | D:1      | 1997 ||| READING scroll labelled WANTOR GUER.
  1998 | D:1      | 1998 ||| DRINKING 2 black potions.
  1999 | D:1      | 1999 ||| DROPPING potion of brilliance.
  2503 | D:2      | 2503 ||| DROPPING +0 club.
  2532 | D:2      | Reached XP level 4. HP: 28/28 MP: 4/4
  2584 | D:2      | Found a faded altar of an unknown god.
  2603 | D:2      | 2603 ||| Stepping ~*~*~tactically~*~*~ (stealth).
  2614 | D:2      | Reached skill level 4 in Axes
  3411 | D:2      | 3411 ||| UPGRADING to amulet of guardian spirit.
  3416 | D:2      | 3416 ||| READING scroll labelled KITWUF FA JUPT.
  3417 | D:2      | 3417 ||| READING scroll labelled BEENUOHEASU.
  3500 | D:3      | Found Uxaidut's Jewellery Shop.
  3504 | D:3      | 3504 ||| STAIRDANCE
  3542 | D:3      | Found Echakeny's Weapon Boutique.
  3564 | D:3      | 3564 ||| SHOPLISTING +4 ring of protection (468 gold, have
                  | 168).
  3564 | D:3      | 3564 ||| SHOPLISTING +6 ring of strength (468 gold, have
                  | 168).
  3564 | D:3      | 3564 ||| SHOPLISTING amulet "Hakhly Ystru" {Acrobat Regen+
                  | Dex+5 Stlth-} (599 gold, have 168).
  3564 | D:3      | 3564 ||| SHOPLISTING amulet of reflection (390 gold, have
                  | 168).
  3564 | D:3      | 3564 ||| SHOPLISTING amulet of regeneration (390 gold, have
                  | 168).
  3564 | D:3      | 3564 ||| SHOPLISTING ring of protection from cold (325
                  | gold, have 168).
  3613 | D:3      | Found Zeisize's Magic Scroll Shoppe.
  3622 | D:3      | 3622 ||| BUYING scroll of brand weapon (104 gold).
  3622 | D:3      | Bought a scroll of brand weapon for 104 gold pieces
  3622 | D:3      | 3622 ||| SHOPLISTING scroll of enchant armour (82 gold,
                  | have 80).
  3622 | D:3      | 3622 ||| BUYING scroll of identify (22 gold).
  3622 | D:3      | Bought a scroll of identify for 22 gold pieces
  3622 | D:3      | 3622 ||| BUYING scroll of identify (22 gold).
  3622 | D:3      | Bought a scroll of identify for 22 gold pieces
  3622 | D:3      | 3622 ||| BUYING scroll of identify (22 gold).
  3622 | D:3      | Bought a scroll of identify for 22 gold pieces
  3622 | D:3      | 3622 ||| SHOPLISTING scroll of teleportation (33 gold, have
                  | 14).
  3622 | D:3      | 3622 ||| READING scroll of brand weapon.
  3622 | D:3      | 3622 ||| BRANDING +0 war axe.
  3623 | D:3      | 3623 ||| DROPPING +0 mace.
  3739 | D:3      | 3739 ||| SHOPLISTING +2 vampiric hand axe (273 gold, have
                  | 25).
  3903 | D:3      | Reached XP level 5. HP: 32/32 MP: 5/5
  3980 | D:3      | 3980 ||| UPGRADING to +0 chain mail.
  3990 | D:3      | 3990 ||| DROPPING +0 scale mail.
  3991 | D:3      | 3991 ||| READING 4 scrolls of identify.
  3991 | D:3      | 3991 ||| IDENTIFYING white potion
  3992 | D:3      | 3992 ||| DROPPING potion of berserk rage.
  4036 | D:4      | Found a sacrificial altar of Ru.
  4151 | D:4      | Noticed a phantom
  4161 | D:4      | Reached skill level 1 in Throwing
  4166 | D:4      | Killed a phantom
  4167 | D:4      | Reached skill level 5 in Axes
  4167 | D:4      | Reached XP level 6. HP: 24/37 MP: 4/6
  4224 | D:4      | 4224 ||| FLEEEEING.
  4225 | D:4      | 4225 ||| FLEEEEING.
  4226 | D:4      | 4226 ||| FLEEEEING.
  4291 | D:4      | Noticed Duvessa
  4292 | D:4      | 4292 ||| Stepping ~*~*~tactically~*~*~ (stealth).
  4293 | D:4      | 4293 ||| Stepping ~*~*~tactically~*~*~ (stealth).
  4294 | D:4      | 4294 ||| Stepping ~*~*~tactically~*~*~ (stealth).
  4298 | D:4      | Noticed Dowan
  4299 | D:4      | Killed Duvessa
  4304 | D:4      | 4304 ||| Stepping ~*~*~tactically~*~*~ (hiding).
  4309 | D:4      | 4309 ||| Stepping ~*~*~tactically~*~*~ (hiding).
  4313 | D:4      | Killed Dowan
  4415 | D:4      | 4415 ||| Stepping ~*~*~tactically~*~*~ (stealth).
  4577 | D:4      | Found an ancient bone altar of Kikubaaqudgha.
  4584 | D:4      | Reached XP level 7. HP: 41/44 MP: 7/7
  4662 | D:4      | Found a staircase to the Ecumenical Temple.
  4663 | D:4      | 4663 ||| PLANNING TEMPLE
  4663 | D:4      | 4663 ||| UPGRADING to ring of resist corrosion.
  4664 | D:4      | 4664 ||| READING 3 scrolls of identify.
  4664 | D:4      | 4664 ||| IDENTIFYING silvery potion
  4665 | D:4      | 4665 ||| READING 2 scrolls of identify.
  4665 | D:4      | 4665 ||| IDENTIFYING ruby potion
  4671 | Temple   | Entered the Ecumenical Temple
  4740 | Temple   | 4740 ||| PLANNING OKAWARU WORSHIP
  4831 | Temple   | Became a worshipper of Warmaster Okawaru
  4832 | Temple   | 4832 ||| PLANNING D:1-11
  4832 | Temple   | 4832 ||| REMOVING amulet of guardian spirit.
  4837 | Temple   | 4837 ||| DROPPING amulet of guardian spirit.
  4903 | D:5      | Entered Level 5 of the Dungeon
  4904 | D:5      | 4904 ||| PLANNING SEWER
  4911 | D:5      | Reached skill level 6 in Axes
  4912 | D:5      | HP: 11/44 [gnoll/+0 flail (4)]
  4913 | D:5      | 4913 ||| READING 5 scrolls of teleportation.
  4914 | D:5      | 4914 ||| DRINKING potion of heal wounds.
  5038 | D:5      | Reached skill level 1 in Dodging
  5064 | D:5      | Reached * piety under Okawaru
  5065 | D:5      | Reached skill level 7 in Axes
  5288 | D:5      | 5288 ||| Stepping ~*~*~tactically~*~*~ (stealth).
  5305 | D:5      | 5305 ||| INVOKING Heroism.
  5307 | D:5      | Reached skill level 1 in Invocations
  5307 | D:5      | Reached XP level 8. HP: 19/49 MP: 5/9
  5311 | D:5      | HP: 11/49 [killer bee (6)]
  5312 | D:5      | 5312 ||| READING 4 scrolls of teleportation.
  5313 | D:5      | 5313 ||| DRINKING potion of heal wounds.
  5493 | D:5      | 5493 ||| Stepping ~*~*~tactically~*~*~ (stealth).
  5505 | D:5      | 5505 ||| Stepping ~*~*~tactically~*~*~ (stealth).
  5522 | D:5      | Found a glowing drain.
  5523 | D:5      | 5523 ||| READING scroll labelled REDUNG XEIQ.
  5531 | Sewer    | Entered a sewer
  5606 | Sewer    | 5606 ||| INVOKING Heroism.
  5661 | Sewer    | 5661 ||| Stepping ~*~*~tactically~*~*~ (stealth).
  5676 | Sewer    | 5676 ||| Stepping ~*~*~tactically~*~*~ (water).
  5685 | Sewer    | 5685 ||| Stepping ~*~*~tactically~*~*~ (water).
  5690 | Sewer    | 5690 ||| INVOKING Heroism.
  5719 | Sewer    | 5719 ||| Stepping ~*~*~tactically~*~*~ (stealth).
  5734 | Sewer    | 5734 ||| Stepping ~*~*~tactically~*~*~ (stealth).
  5750 | Sewer    | 5750 ||| Stepping ~*~*~tactically~*~*~ (stealth).
  5769 | Sewer    | 5769 ||| INVOKING Heroism.
  5891 | Sewer    | 5891 ||| READING scroll labelled KATYDO JAOQ.
  5951 | Sewer    | 5951 ||| READING scroll labelled ZODWESAEKI.
  5952 | Sewer    | 5952 ||| DRINKING 2 fizzy pink potions.
  5952 | Sewer    | Gained mutation: You are clumsy. (Dex -2) [potion of
                  | mutation]
  5952 | Sewer    | Gained mutation: You passively dampen the noise of your
                  | surroundings. [potion of mutation]
  6003 | D:5      | 6003 ||| PLANNING D:1-11
  6030 | D:5      | 6030 ||| INVOKING Heroism.
  6132 | D:5      | 6132 ||| INVOKING Heroism.
  6137 | D:5      | Reached skill level 3 in Invocations
  6496 | D:5      | 6496 ||| UPGRADING to +0 pair of boots.
  6549 | D:6      | Found a broken altar of Ashenzari.
  6558 | D:6      | 6558 ||| STAIRDANCE
  6594 | D:6      | 6594 ||| Stepping ~*~*~tactically~*~*~ (stealth).
  6596 | D:6      | 6596 ||| INVOKING Heroism.
  6615 | D:6      | 6615 ||| Stepping ~*~*~tactically~*~*~ (stealth).
  6781 | D:6      | 6781 ||| INVOKING Heroism.
  6977 | D:6      | 6977 ||| INVOKING Heroism.
  6980 | D:6      | Reached skill level 8 in Axes
  6982 | D:6      | Reached ** piety under Okawaru
  6983 | D:6      | Reached XP level 9. HP: 55/55 MP: 9/12
  7010 | D:6      | 7010 ||| INVOKING Heroism.
  7013 | D:6      | Reached skill level 6 in Fighting
  7053 | D:6      | Found a sparkling altar of Nemelex Xobeh.
  7253 | D:6      | 7253 ||| INVOKING Heroism.
  7389 | D:6      | 7389 ||| INVOKING Heroism.
  7743 | D:7      | 7743 ||| INVOKING Heroism.
  7773 | D:7      | 7773 ||| Stepping ~*~*~tactically~*~*~ (stealth).
  7780 | D:7      | 7780 ||| Stepping ~*~*~tactically~*~*~ (stealth).
  7782 | D:7      | 7782 ||| Stepping ~*~*~tactically~*~*~ (hiding).
  7783 | D:7      | 7783 ||| Stepping ~*~*~tactically~*~*~ (hiding).
  7784 | D:7      | 7784 ||| Stepping ~*~*~tactically~*~*~ (hiding).
  7785 | D:7      | 7785 ||| Stepping ~*~*~tactically~*~*~ (hiding).
  7790 | D:7      | 7790 ||| INVOKING Heroism.
  7798 | D:7      | 7798 ||| DRINKING 3 potions of curing.
  7798 | D:7      | 7798 ||| (to cure confusion)
  7982 | D:7      | Reached skill level 9 in Axes
  8205 | D:7      | 8205 ||| READING scroll of brand weapon.
  8205 | D:7      | 8205 ||| BRANDING +0 war axe of flaming.
  8239 | D:7      | 8239 ||| INVOKING Heroism.
  8241 | D:7      | 8241 ||| DRINKING 2 potions of curing.
  8241 | D:7      | 8241 ||| (to cure confusion)
  8366 | D:7      | 8366 ||| UPGRADING to +0 plate armour.
  8376 | D:7      | 8376 ||| DROPPING +0 chain mail.
  8377 | D:7      | 8377 ||| UPGRADING to ring of see invisible.
  8379 | D:7      | 8379 ||| READING 2 scrolls of identify.
  8379 | D:7      | 8379 ||| IDENTIFYING fuming grey potion
  8487 | D:8      | 8487 ||| DROPPING +0 flail.
  8555 | D:8      | 8555 ||| INVOKING Heroism.
  8564 | D:8      | Reached skill level 6 in Armour
  8691 | D:8      | 8691 ||| Stepping ~*~*~tactically~*~*~ (hiding).
  8696 | D:8      | 8696 ||| INVOKING Heroism.
  8697 | D:8      | 8697 ||| READING scroll labelled IVOEWNU LABAFO.
  9071 | D:8      | 9071 ||| Stepping ~*~*~tactically~*~*~ (hiding).
  9072 | D:8      | 9072 ||| Stepping ~*~*~tactically~*~*~ (hiding).
  9075 | D:8      | 9075 ||| INVOKING Heroism.
  9079 | D:8      | Reached *** piety under Okawaru
  9080 | D:8      | Reached skill level 3 in Throwing
  9085 | D:8      | Reached XP level 10. HP: 63/63 MP: 11/13
  9294 | D:8      | Found a white marble altar of Elyvilon.
  9491 | D:9      | 9491 ||| Stepping ~*~*~tactically~*~*~ (hiding).
  9509 | D:9      | 9509 ||| INVOKING Heroism.
  9513 | D:9      | Reached skill level 10 in Axes
  9522 | D:9      | Noticed a boulder beetle
  9523 | D:9      | 9523 ||| Stepping ~*~*~tactically~*~*~ (stealth).
  9529 | D:9      | 9529 ||| INVOKING Heroism.
  9533 | D:9      | Killed a boulder beetle
  9533 | D:9      | Reached **** piety under Okawaru
  9621 | D:9      | 9621 ||| INVOKING Heroism.
  9803 | D:9      | 9803 ||| INVOKING Heroism.
  9883 | D:9      | Found a shadowy altar of Dithmenos.
  9897 | D:9      | 9897 ||| Stepping ~*~*~tactically~*~*~ (stealth).
  9898 | D:9      | 9898 ||| Stepping ~*~*~tactically~*~*~ (stealth).
  9973 | D:9      | Identified the +3 scale mail "Licau" {rF+ rN+ Dex+6}
  9982 | D:9      | 9982 ||| INVOKING Heroism.
  9999 | D:9      | 9999 ||| INVOKING Heroism.
 10000 | D:9      | 10000 ||| DRINKING potion of curing.
 10000 | D:9      | 10000 ||| (to cure confusion)
 10136 | D:9      | Reached skill level 6 in Invocations
 10195 | D:9      | 10195 ||| INVOKING Heroism.
 10196 | D:9      | 10196 ||| Stepping ~*~*~tactically~*~*~ (stealth).
 10303 | D:9      | 10303 ||| Stepping ~*~*~tactically~*~*~ (hiding).
 10346 | D:9      | Found a shimmering altar of Xom.
 10371 | D:9      | Found a radiant altar of Vehumet.
 10372 | D:9      | 10372 ||| Stepping ~*~*~tactically~*~*~ (stealth).
 10374 | D:9      | 10374 ||| INVOKING Heroism.
 10381 | D:9      | Reached XP level 11. HP: 54/68 MP: 12/15
 10515 | D:9      | 10515 ||| Stepping ~*~*~tactically~*~*~ (stealth).
 10527 | D:9      | 10527 ||| Stepping ~*~*~tactically~*~*~ (hiding).
 10672 | D:9      | 10672 ||| INVOKING Heroism.
 10700 | D:9      | 10700 ||| INVOKING Heroism.
 10921 | D:9      | Found a blossoming altar of Fedhas.
 11161 | D:9      | 11161 ||| UPGRADING to +3 scale mail "Licau" {rF+ rN+
                  | Dex+6}.
 11171 | D:9      | 11171 ||| READING scroll labelled FIGUARO HOEDE.
 11272 | D:9      | 11272 ||| READING 2 scrolls labelled YMINKE XULIDD.
 11273 | D:9      | 11273 ||| READING scroll of enchant armour.
 11273 | D:9      | 11273 ||| ENCHANTING +0 pair of gloves.
 11274 | D:9      | 11274 ||| READING scroll labelled RURETO REH.
 11275 | D:9      | 11275 ||| READING 3 scrolls of identify.
 11275 | D:9      | 11275 ||| IDENTIFYING smoky red potion
 11276 | D:9      | 11276 ||| READING 7 scrolls of teleportation.
 11329 | D:10     | Entered Level 10 of the Dungeon
 11329 | D:10     | Found a snail-covered altar of Cheibriados.
 11332 | D:10     | 11332 ||| Stepping ~*~*~tactically~*~*~ (hiding).
 11370 | D:10     | 11370 ||| INVOKING Heroism.
 11387 | D:10     | 11387 ||| DROPPING +4 flail.
 11405 | D:10     | You fall into a shaft and drop 3 floors!
 11418 | D:13     | 11418 ||| Stepping ~*~*~tactically~*~*~ (hiding).
 11419 | D:13     | 11419 ||| Stepping ~*~*~tactically~*~*~ (hiding).
 11435 | D:13     | Noticed a white ugly thing
 11436 | D:13     | 11436 ||| INVOKING Heroism.
 11453 | D:13     | Killed a white ugly thing
 11470 | D:13     | Noticed a deep elf pyromancer
 11474 | D:13     | Noticed a centaur warrior
 11475 | D:13     | 11475 ||| INVOKING Heroism.
 11479 | D:13     | HP: 16/68 [fire elemental[a deep elf pyromancer] (4)]
 11480 | D:13     | 11480 ||| READING 6 scrolls of teleportation.
 11480 | D:13     | HP: 4/68 [centaur warrior/arrow (12)]
 11481 | D:13     | 11481 ||| DRINKING potion of heal wounds.
 11482 | D:13     | Noticed a boulder beetle
 11485 | D:13     | Killed a deep elf pyromancer
 11485 | D:13     | Noticed a red ugly thing
 11485 | D:13     | Noticed a centaur warrior
 11485 | D:13     | Noticed a cyclops
 11486 | D:13     | 11486 ||| READING 5 scrolls of teleportation.
 11487 | D:13     | Noticed a centaur warrior
 11489 | D:13     | HP: 16/68 [cyclops/large rock (1)]
 11491 | D:13     | HP: 6/68 [centaur warrior/arrow (3)]
 11492 | D:13     | 11492 ||| READING 4 scrolls of teleportation.
 11492 | D:13     | Shot with an arrow by a centaur warrior

Levels and vault maps discovered:
D:1:      evilmike_arrival_hilbert_curve, layout_loops_corners,
          chequers_serial_rivers_large_a, feat_on_display
D:2:      layout_basic, shapermc_ecumenical_altar_totnotflames,
          grunt_ministairs_13, minmay_increasing_density
D:3:      layout_rooms, serial_shops, nicolae_diamond_shop, shop, shop
D:4:      layout_basic, mainiacjoe_overflow_surrounded_room,
          kiku_gazebo_garden_becter, minmay_temple_entry_fiery, uniq_duvessa
D:5:      layout_rooms, gup_sewer_entry_pipe
D:6:      layout_loops_cross, mainiacjoe_overflow_six_doors_small,
          nemelex_diamond_rough_becter
D:7:      layout_rooms, nrook_uturn
D:8:      layout_basic, mainiacjoe_overflow_catwalk, serial_park_tiny_1,
          minmay_between
D:9:      layout_roguey, marbit_many_paths, kennysheep_mini_moat,
          nicolae_dithmenos_shadow_blocks, fiery_altar_vehumet, enter_bailey_3,
          st_stairs_14, minmay_bent
D:10:     layout_irregular_city, old_standard_altar, erik_lair_orcish_takeover,
          billiards_dpeg
D:13:     layout_small_grid, serial_shops, nicolae_shop_advertising_works
          [nicolae_subvault_shop_adworks], drop_trap, uniq_maurice, uniq_nessos
Temple:   hellmonk_temple_forest_ring

Skill      XL: |  1  2  3  4  5  6  7  8  9 10 11 |
---------------+----------------------------------+-----
Axes           | 2 3 4 5 7 8 9 10 | 10.6
Throwing       | 1 2 3 |  3.1
Fighting       | 4 5 7 8 |  8.0
Dodging        | 1 2 |  2.3
Invocations    | 1 4 6 7 |  7.8
Armour         | 4 6 7 |  7.3
Shields        | 4 5 |  5.0

Action                   |  1- 3 |  4- 6 |  7- 9 | 10-12 || total
-------------------------+-------+-------+-------+-------++-------
Melee: War axe           |   128 |   118 |   334 |   227 ||   807
Throw: Javelin           |       |    18 |    51 |     9 ||    78
       Boomerang         |       |       |    24 |       ||    24
Invok: Heroism           |       |       |    18 |    13 ||    31
  Use: Scroll            |     4 |     4 |    10 |     9 ||    27
       Potion            |     1 |       |     5 |     2 ||     8
Armor: Scale mail        |    70 |    37 |       |    51 ||   158
       Chain mail        |       |    46 |   211 |       ||   257
       Plate armour      |       |       |    33 |   129 ||   162
Dodge: Dodged            |    54 |    48 |   126 |    85 ||   313
Block: Buckler           |    25 |    26 |    67 |    64 ||   182

Table legend:
 A = Non-vault XP
 B = Vault XP
 C = Vault XP percentage of total XP
 D = Non-vault monster count
 E = Vault monster count
 F = Vault count percentage of total count
                 A         B        C        D         E       F
            +---------+---------+-------+---------+---------+-------
      Total |    8415 |    3261 |  27.9 |     195 |      73 |  27.2
            +---------+---------+-------+---------+---------+-------
        D:1 |      45 |       0 |   0.0 |      25 |       0 |   0.0
        D:2 |      75 |      14 |  15.7 |      21 |       6 |  22.2
        D:3 |      31 |       0 |   0.0 |       9 |       0 |   0.0
        D:4 |     245 |     215 |  46.7 |      18 |       2 |  10.0
        D:5 |    1045 |      14 |   1.3 |      20 |       7 |  25.9
        D:6 |     835 |       0 |   0.0 |      24 |       0 |   0.0
        D:7 |     791 |       0 |   0.0 |      24 |       0 |   0.0
        D:8 |    1075 |     497 |  31.6 |      12 |       4 |  25.0
        D:9 |    2585 |    2367 |  47.8 |      33 |      15 |  31.2
       D:10 |     114 |       0 |   0.0 |       5 |       0 |   0.0
       D:13 |    1574 |       0 |   0.0 |       4 |       0 |   0.0
      Sewer |       0 |     154 | 100.0 |       0 |      39 | 100.0
            +---------+---------+-------+---------+---------+-------
